 Dungeon Crawl Stone Soup version 0.27-a0-223-ge082b6e869 (webtiles) character file.

Game seed: 5909774139728252227

1811 Borgoz the Ducker (level 9, -7/74 HPs)
             Began as a Ghoul Gladiator on Feb 1, 2021.
             Mangled by a two-headed ogre
             ... wielding a +0 giant club
              (33 damage)
             ... on level 9 of the Dungeon.
             The game lasted 00:07:20 (6760 turns).

Borgoz the Ducker (Ghoul Gladiator)                 Turns: 6760, Time: 00:07:21

Health: -7/74      AC:  7    Str: 18    XL:     9   Next: 10%
Magic:  8/8        EV: 14    Int:  3    God:
Gold:   329        SH:  0    Dex: 13    Spells: 8/8 levels left

rFire    + . .     SeeInvis .   a - +0 scimitar
rCold    + . .     Faith    .   (no shield)
rNeg     + + +     Spirit   .   h - +0 ring mail
rPois    ∞         Reflect  .   c - +0 helmet
rElec    .         Harm     .   (no cloak)
rCorr    .         Rampage  .   (no gloves)
Will     .....                  (no boots)
Stlth    +.........             (no amulet)
HPRegen  0.00/turn              b - ring of protection from fire
MPRegen  0.11/turn              (no ring)

@: no status effects
A: claws 1, cold resistance 1, negative energy resistance 3, inhibited
regeneration, torment resistance, unbreathing
a: no special abilities


You were on level 9 of the Dungeon.
You visited 1 branch of the dungeon, and saw 7 of its levels.

You collected 329 gold pieces.

Inventory:

Hand Weapons
 a - a +0 scimitar (weapon)
Armour
 c - a +0 helmet (worn)
 h - a +0 ring mail (worn)
Jewellery
 b - a ring of protection from fire (left claw)
Wands
 i - a wand of flame (7)
Scrolls
 e - 6 scrolls of remove curse
 m - a scroll of blinking {unknown}
 p - a scroll of identify
 q - 2 scrolls of magic mapping {unknown}
Potions
 f - a potion of berserk rage {unknown}
 g - a potion of cancellation
 j - a potion of brilliance {unknown}
 k - 2 potions of might
 l - 3 potions of haste
 n - a potion of curing {unknown}
 o - a potion of attraction {unknown}


   Skills:
 + Level 5.5 Fighting
 * Level 6.6 Long Blades
 - Level 1.7 Throwing
 + Level 3.9 Armour
 * Level 6.6 Dodging


You had 8 spell levels left.
You didn't know any spells.
Your spell library contained the following spells:

 Spells                   Type           Power        Failure   Level
 Animate Skeleton         Necr           0%           71%         1
 Apportation              Tloc           0%           71%         1
 Corona                   Hex            0%           71%         1
 Summon Small Mammal      Summ           0%           71%         1
 Beastly Appendage        Tmut           Unusable     N/A         1
 Wereblood                Tmut           Unusable     N/A         2
 Spider Form              Tmut/Pois      Unusable     N/A         3
 Ice Form                 Ice/Tmut       Unusable     N/A         4
 Blade Hands              Tmut           Unusable     N/A         5

Dungeon Overview and Level Annotations

Branches:
Dungeon (6/15)                Orc (0/2) D:9
 Temple: D:4-7

Altars:
Dithmenos
Hepliaklqana
Nemelex Xobeh
Wu Jian
Yredelemnul


Innate Abilities, Weirdness & Mutations

You thrive by killing the living.
You are immune to poison.
You have sharp fingernails.
Your flesh is cold resistant. (rC+)
You are immune to negative energy. (rN+++)
You do not regenerate when monsters are visible.
You are immune to unholy pain and torment.
You can survive without breathing.


Message History

Press: ? - help, Shift-Dir - straight line, f - two-headed ogre
Aim: a two-headed ogre, wielding two +0 giant clubs (15% to evade)
The puff of flame hits the two-headed ogre.
The two-headed ogre is lightly wounded.
Throw: throwing net
Press: ? - help, Q - select action, (/) - cycle Shift-Dir - straight line, f/p - two-headed ogre
Aim: a two-headed ogre, wielding two +0 giant clubs (lightly wounded, 74% to hit)
You throw a throwing net.
The throwing net barely misses the two-headed ogre.
The two-headed ogre hits you with a +0 giant club!!
The two-headed ogre hits you with a +0 giant club.
Unknown command.
You slash the two-headed ogre!
The two-headed ogre is lightly wounded.
The two-headed ogre hits you with a +0 giant club!!
The two-headed ogre misses you.
You slash the two-headed ogre!
The two-headed ogre is moderately wounded.
The two-headed ogre hits you with a +0 giant club!!
You die...

#...# #..# # #.(.# #..# #
.########...######..#######
...........................
...................########
....Z.(..Z.######..#
.#########.# #..# #O# #..#
#@# #..# #.# #..# #.# #..#
#.# #(# #..# #.# #..# ##.#
#..# #>.# #..# #..# #..#


You could see a two-headed ogre and a quokka skeleton.

Vanquished Creatures
  A sky beast (D:5)
  A black bear (D:5)
  3 ogres
  4 phantoms
  Blork the orc (D:5)
  A big kobold (D:9)
  3 wights (D:6)
  2 jellies
  A bullfrog skeleton (D:5)
  2 orc priests
  3 hounds
  3 iguanas
  2 orc wizards
  7 worker ants
  A hound skeleton (D:4)
  A worker ant zombie (D:5)
  7 adders
  4 gnolls (D:5)
  A shadow imp (D:5)
  4 oozes
  An adder skeleton (D:5)
  4 worms
  3 dart slugs
  4 leopard geckos
  18 orcs
  5 giant cockroaches
  13 goblins
  9 hobgoblins
  A jackal (D:5)
  11 kobolds
  4 quokkas
  A ball python (D:3)
  8 bats
  5 frilled lizards
  A jackal skeleton (D:5)
  2 leopard gecko skeletons
  12 rats
154 creatures vanquished.

Vanquished Creatures (others)
  A plant (D:9)
1 creature vanquished.

Grand Total: 155 creatures vanquished

Notes
Turn   | Place    | Note
-------+----------+-------------------------------------------
     0 | D:1      | Borgoz the Ghoul Gladiator began the quest for the Orb.
     0 | D:1      | Reached XP level 1. HP: 17/17 MP: 0/0
   201 | D:1      | Reached XP level 2. HP: 19/25 MP: 1/1
   592 | D:1      | Reached XP level 3. HP: 14/30 MP: 2/2
  1614 | D:2      | Reached skill level 1 in Armour
  1614 | D:2      | Reached XP level 4. HP: 29/37 MP: 3/3
  2079 | D:3      | Reached XP level 5. HP: 30/45 MP: 4/4
  2279 | D:3      | Found a basalt altar of Yredelemnul.
  2963 | D:3      | Reached XP level 6. HP: 46/51 MP: 5/5
  3651 | D:4      | Reached XP level 7. HP: 29/58 MP: 6/6
  4304 | D:5      | Entered Level 5 of the Dungeon
  4343 | D:5      | Found a shadowy altar of Dithmenos.
  4386 | D:5      | Noticed Blork the orc
  4401 | D:5      | Killed Blork the orc
  4402 | D:5      | Reached skill level 5 in Dodging
  4564 | D:5      | Reached skill level 5 in Long Blades
  4917 | D:5      | Reached XP level 8. HP: 28/67 MP: 7/7
  5248 | D:5      | Reached skill level 5 in Fighting
  5911 | D:5      | Found a hazy altar of Hepliaklqana.
  6076 | D:5      | Found an ornate altar of the Wu Jian Council.
  6370 | D:5      | Found a sparkling altar of Nemelex Xobeh.
  6409 | D:6      | Reached XP level 9. HP: 35/74 MP: 8/8
  6629 | D:6      | You fall into a shaft and drop 3 floors!
  6720 | D:9      | Found a staircase to the Orcish Mines.
  6747 | D:9      | Noticed a two-headed ogre
  6760 | D:9      | Mangled by a two-headed ogre

Illustrated notes

Levels and vault maps discovered:
D:1:      dpeg_arrival_chambers_temple_mockup, layout_loops_ring
D:2:      layout_basic
D:3:      layout_loops_ring, yredelemnul_altar_generic
D:4:      layout_gridville, chequers_serial_rivers_micro_c, minmay_box_of_dots
D:5:      lemuel_upstairs_altar, layout_basic, nzn_hepliaklqana_mist_gate,
          nicolae_overflow_hidden_temple, grunt_dithmenos_smoke_and_mirrors,
          dk_noncrumbling_4, nzn_random_ring, uniq_blork_the_orc
D:6:      layout_loops_cross, chequers_temple_overflow_minitemple,
          minmay_temple_entry_hall, minivault_14, minmay_misc_feat_hallway,
          minmay_crystal_room
D:9:      layout_long_grid, david_lair_shrubbed, orc_0_dummy, sword_in_stone

Skill      XL: |  1  2  3  4  5  6  7  8 |
---------------+-------------------------+-----
Long Blades    | 3 4 5 6 |  6.6
Dodging        | 3 4 5 6 |  6.6
Armour         | 1 2 3 |  3.9
Fighting       | 3 4 5 |  5.5
Throwing       | |  1.7

Action                   |  1- 3 |  4- 6 |  7- 9 || total
-------------------------+-------+-------+-------++-------
Melee: Long sword        |   105 |   238 |    48 ||   391
       Scimitar          |       |       |   201 ||   201
Throw: Throwing net      |       |     1 |     3 ||     4
Evoke: Wand              |       |       |     1 ||     1
  Use: Scroll            |     3 |     1 |     4 ||     8
       Potion            |       |       |     5 ||     5
 Stab: Invisible         |       |       |     2 ||     2
Armor: Leather armour    |     8 |       |       ||     8
       Ring mail         |    27 |   132 |    65 ||   224
Dodge: Dodged            |    75 |   259 |   202 ||   536
       Rpst.: Long sword |    26 |    62 |    10 ||    98
       Scimitar          |       |       |    52 ||    52

Table legend: (Time is in decaauts)
 A = Elapsed time spent in this place.
 B = Non-inter-level travel time spent in this place.
 C = Inter-level travel time spent in this place.
 D = Time resting spent in this place.
 E = Time spent auto-exploring this place.
 F = Levels seen in this place.
 G = Mean time per level.
                   A        B        C        D        E       F      G
               +--------+--------+--------+--------+--------+-----+--------+
         Total |   6864 |   6650 |    214 |   1743 |   3712 |   7 |  980.6 |
       Dungeon |   6864 |   6650 |    214 |   1743 |   3712 |   7 |  980.6 |
               +--------+--------+--------+--------+--------+-----+--------+

Top non-repeatable levels by time:
     D:5: 1892 daAuts
     D:1: 1313 daAuts
     D:4: 1252 daAuts
     D:3: 1026 daAuts
     D:2: 789 daAuts
     D:6: 458 daAuts
     D:9: 131 daAuts
